 Dungeon Crawl Stone Soup version 0.30-a0-883-g5ad918d77d (webtiles) character file.

Game seed: 4467644081110292568

2 sircluck the Covert (level 1, -7/23 HPs)
             Began as a Gnoll Delver on Mar 15, 2023.
             Mangled by Grinder (8 damage)
             ... on level 5 of the Dungeon.
             The game lasted 00:01:18 (144 turns).

sircluck the Covert (Gnoll Delver)                   Turns: 144, Time: 00:01:18

Health: -7/23      AC:  3    Str: 11    XL:     1   Next: 30%
Magic:  1/1        EV: 13    Int:  9    God:
Gold:   7          SH:  0    Dex: 13    Spells: 0/0 levels left

rFire   . . .      SeeInvis .    a - +0 falchion
rCold   . . .      Faith    .    (no shield)
rNeg    . . .      Spirit   .    b - +0 leather armour
rPois   .          Reflect  .    (no helmet)
rElec   .          Rampage  .    (no cloak)
rCorr   .                        (no gloves)
Will    .....                    (no boots)
Stlth   ++++                     (no amulet)
HPRegen 0.23/turn                (no ring)
MPRegen 0.07/turn                (no ring)

@: no status effects
A: fangs 1, strong nose, distributed training
a: no special abilities


You were on level 5 of the Dungeon.
You visited 1 branch of the dungeon, and saw 2 of its levels.

You collected 7 gold pieces.

Inventory:

Hand Weapons
 a - a +0 falchion (weapon)
 h - a +0 shortbow
Armour
 b - a +0 leather armour (worn)
Wands
 g - a wand of digging (3)
Scrolls
 c - 3 scrolls of fog
 d - a scroll of magic mapping
 e - a scroll of fear
 i - 2 scrolls of silence {unknown}
 j - a scroll of amnesia {unknown}
Potions
 f - a potion of haste


   Skills:
 + Level 6.4 Fighting
 + Level 0.0 Short Blades
 + Level 4.4 Long Blades
 + Level 0.0 Axes
 + Level 0.0 Maces & Flails
 + Level 0.0 Polearms
 + Level 0.0 Staves
 + Level 0.0 Ranged Weapons
 + Level 0.0 Throwing
 + Level 0.0 Armour
 + Level 4.4 Dodging
 + Level 9.5 Stealth
 + Level 0.0 Shields
 + Level 0.0 Unarmed Combat
 + Level 0.0 Spellcasting
 + Level 0.0 Conjurations
 + Level 0.0 Hexes
 + Level 0.0 Summonings
 + Level 0.0 Necromancy
 + Level 0.0 Translocations
 + Level 0.0 Transmutations
 + Level 0.0 Fire Magic
 + Level 0.0 Ice Magic
 + Level 0.0 Air Magic
 + Level 0.0 Earth Magic
 + Level 0.0 Poison Magic
 + Level 0.1 Invocations
 + Level 0.0 Evocations


You couldn't memorise any spells.
You didn't know any spells.
Your spell library was empty.

Dungeon Overview and Level Annotations

Branches:
Dungeon (6/15)
 Temple: D:4-7

Altars:

Annotations:
D:5 Duvessa, Grinder


Innate Abilities, Weirdness & Mutations

You have very sharp teeth.
Your uncanny sense of smell can sniff out nearby items.
Your experience applies equally to all skills.


Message History

You closely miss the orc. The orc misses you.
You barely miss the orc. The orc hits you but does no damage.
You barely miss the orc. The orc hits you with a +0 short sword.
You closely miss the orc. You bite the orc, but do no damage.
The orc closely misses you. The orc attacks as you move away!
The orc hits you but does no damage.
You barely miss the orc. The orc barely misses you.
You hit the orc.
The orc is heavily wounded.
The orc hits you but does no damage.
You hit the orc.
The orc is almost dead.
The orc barely misses you. The orc hits you with a +0 short sword.
You barely miss the orc. Your bite misses the orc.
The orc is severely wounded.
The orc hits you with a +0 short sword.
You hit the orc but do no damage.
The orc is severely wounded.
The orc hits you but does no damage.
You hit the orc.
You kill the orc!
Things that are here:
a +0 short sword; a +0 ring mail
Things that are here:
a +0 short sword; a +0 ring mail
c - 3 scrolls of fog (gained 1) Grinder comes into view.
Found a ring mail.
Found 10 gold pieces.
Grinder shouts!
Grinder hits you!
You writhe in agony.
You barely miss Grinder.
Grinder blinks!
Grinder hits you!
* * * LOW HITPOINT WARNING * * *
You writhe in agony.
* * * LOW HITPOINT WARNING * * *
You hit Grinder.
Grinder is lightly wounded.
Grinder hits you!
You die...

#.##.###.####..............
.. ##...## #.#.........##.
#. ##.## # ###....#### #.
#.# ### #....# #. ..# #..
#....# #### #.# #.#.## #.#
###.#.# #5# #.....#
#@###.#.### #.......#
...[.....##.###
######...##.# #.......
#....#.#. #.$.......
#.#..#.# ## #.#.....


You could see Grinder.

Vanquished Creatures
  An orc (D:5)
1 creature vanquished.

Notes
Turn   | Place    | Note
-------+----------+-------------------------------------------
     0 | D:5      | Reached skill level 9 in Stealth
     0 | D:5      | sircluck the Gnoll Delver began the quest for the Orb.
     0 | D:5      | Reached XP level 1. HP: 23/23 MP: 1/1
     6 | D:5      | Noticed Duvessa
   132 | D:5      | Noticed Grinder
   143 | D:5      | HP: 1/23 [Grinder (2)]
   144 | D:5      | Mangled by Grinder

Illustrated notes

Levels and vault maps discovered:
D:5:      minmay_general_purpose_star, layout_loops_ring, serial_shops,
          kennysheep_mini_moat, minmay_misc_feat_hallway, uniq_duvessa,
          uniq_grinder
D:6:      layout_cave_pools, lemuel_tele_altar, vehumet_statue, serial_glass,
          glass_columns_a, glass_columns_c,
          nicolae_concentric_dashed_squares_wild, grunt_decor_one_mirror,
          uniq_eustachio

Skill      XL: | |
---------------+-+-----
Stealth        | |  9.5
Fighting       | |  6.4
Long Blades    | |  4.4
Dodging        | |  4.4
Invocations    | |  0.1

Action                     || total
---------------------------++-------
  Melee: Falchion          ||    14
         Bite              ||     2
 Armour: Leather armour    ||     4
  Dodge: Dodged            ||     4

Table legend: (Time is in decaauts)
 A = Elapsed time spent in this place.
 B = Non-inter-level travel time spent in this place.
 C = Inter-level travel time spent in this place.
 D = Time resting spent in this place.
 E = Time spent auto-exploring this place.
 F = Levels seen in this place.
 G = Mean time per level.
                   A        B        C        D        E       F      G
               +--------+--------+--------+--------+--------+-----+--------+
         Total |    145 |    132 |     13 |      0 |      0 |   2 |   72.5 |
       Dungeon |    145 |    132 |     13 |      0 |      0 |   2 |   72.5 |
               +--------+--------+--------+--------+--------+-----+--------+

Top non-repeatable levels by time:
     D:5: 88 daAuts
     D:6: 56 daAuts
